 Dungeon Crawl Stone Soup version 0.30-b1-2-g02819fbbbe (webtiles) character file.

Game seed: 18368479708583847671

4370 raph the Skirmisher (level 10, -4/88 HPs)
             Began as a Minotaur Hunter on Dec 31, 2023.
             Was an Elder of Okawaru.
             Slain by Grum
             ... wielding a -2 halberd
              (9 damage)
             ... on level 8 of the Dungeon.
             The game lasted 00:13:20 (10267 turns).

raph the Skirmisher (Minotaur Hunter)              Turns: 10267, Time: 00:13:21

Health: -4/88      AC:  6    Str: 17    XL:     10   Next: 13%
Magic:  11/11      EV: 15    Int:  6    God:    Okawaru [****..]
Gold:   555        SH:  0    Dex: 17    Spells: 9/9 levels left

rFire   . . .        a - +2 shortbow
rCold   + . .        (shield currently unavailable)
rNeg    . . .        E - +0 leather armour of Virtue {+Blink rElec Slay+3}
rPois   .            (helmet restricted)
rElec   +            (no cloak)
rCorr   .            w - +2 pair of gloves
SInv    .            (no boots)
Will    .....        (no amulet)
Stlth   +++          o - ring of protection from cold
HPRegen 0.34/turn    (no ring)
MPRegen 0.12/turn

%: no passive effects
@: no status effects
A: horns 2, retaliatory headbutt
a: Renounce Religion, Evoke Blink, Heroism, Finesse


You were on level 8 of the Dungeon.
You worshipped Okawaru.
Okawaru was greatly pleased with you.
You visited 2 branches of the dungeon, and saw 9 of its levels.
You also visited: Bailey.

You collected 555 gold pieces.

Inventory:

Hand Weapons
 a - a +2 shortbow (weapon)
 b - a +0 rapier
 v - a +2 dagger of freezing
 B - a +0 glaive
 I - a +3 great sword
Missiles
 f - 15 poisoned darts
 z - 3 throwing nets
Armour
 c - a +1 leather armour
 w - a +2 pair of gloves (worn)
 C - the +1 storm dragon scales "Zeddaf" {rElec Str+3 Dex+2 Stlth-}
   (You found it in a bailey)

   Str:       It affects your strength (+3).
   Dex:       It affects your dexterity (+2).
   rElec:     It insulates you from electricity.
   Stlth:     It makes you less stealthy.
 D - a +0 tower shield of fire resistance
 E - the +0 leather armour of Virtue (worn) {+Blink rElec Slay+3}
   (You found it on level 7 of the Dungeon)

   Slay:      It affects your accuracy & damage with ranged weapons and melee
   (+3).
   rElec:     It insulates you from electricity.
   +Blink:    It lets you blink.
Jewellery
 o - a ring of protection from cold (left hand)
 r - a ring of fire
 y - a ring of ice
 H - a ring of ice
 K - a ring of positive energy
Wands
 g - a wand of iceblast (8)
 m - a wand of light (3)
Scrolls
 d - 2 scrolls of fog
 i - a scroll of enchant armour
 j - 2 scrolls of immolation
 t - a scroll of poison
 x - a scroll of silence
 F - a scroll of fear {unknown}
 G - a scroll of identify
 J - a scroll of teleportation
Potions
 e - 2 potions of haste
 h - a potion of ambrosia
 k - a potion of flight {unknown}
 l - 3 potions of curing
 n - 2 potions of mutation
 p - 3 potions of resistance
 q - a potion of degeneration {unknown}
 s - a potion of brilliance
 u - a potion of attraction {unknown}


   Skills:
 + Level 7.9 Fighting
 * Level 10.9 Ranged Weapons
 + Level 7.2 Dodging
 + Level 5.7 Stealth
 + Level 3.8 Invocations


You had 9 spell levels left.
You didn't know any spells.
Your spell library contained the following spells:

 Spells                   Type           Power      Damage    Failure   Level
 Sandblast                Erth           0%         2d4       52%         1
 Blink                    Tloc           0%         N/A       67%         2
 Cigotuvi's Dreadful Rot  Necr/Pois/Air  0%         N/A       67%         2
 Ensorcelled Hibernation  Hex/Ice        0%         N/A       67%         2
 Passwall                 Tmut/Erth      0%         N/A       67%         2
 Sublimation of Blood     Necr           0%         N/A       67%         2
 Wereblood                Tmut           0%         N/A       67%         2
 Frozen Ramparts          Ice            0%         1d1       88%         3
 Inner Flame              Hex/Fire       0%         N/A       88%         3
 Spider Form              Tmut/Pois      0%         N/A       88%         3
 Stone Arrow              Conj/Erth      0%         3d7       88%         3
 Anguish                  Hex/Necr       0%         N/A       99%         4
 Dispel Undead            Necr           0%         3d6       99%         4
 Flame Wave               Conj/Fire      0%         2d4       99%         4
 Ice Form                 Ice/Tmut       0%         N/A       99%         4
 Manifold Assault         Tloc           0%         N/A       99%         4
 Sticky Flame             Conj/Fire      0%         2d3       99%         4
 Storm Form               Tmut/Air       0%         N/A       100%        7
 Summon Ice Beast         Ice/Summ       Unusable   N/A       N/A         4
 Death Channel            Necr           Unusable   N/A       N/A         6
 Summon Hydra             Summ           Unusable   N/A       N/A         7

Dungeon Overview and Level Annotations

Branches:
Dungeon (8/15)             Temple (1/1) D:4          Bailey (visited)
   Lair: D:8-11

Altars:
Ashenzari
Cheibriados
Dithmenos
Elyvilon
Fedhas
Gozag
Hepliaklqana
Makhleb
Nemelex Xobeh
Okawaru
Qazlal
Ru
Sif Muna
Trog
Vehumet
Wu Jian
Xom
Yredelemnul
Zin
The Shining One

Annotations:
D:3 dig
D:4 3 runed translucent doors, Stirner's ghost, amateur SpEn
D:8 Grum


Innate Abilities, Weirdness & Mutations

You have a pair of horns on your head.
You reflexively headbutt those who attack you in melee.


Message History

You kill the wolf!
Okawaru accepts your kill. Okawaru grants you throwing weapons!
Something appears at your feet!
You shoot an arrow. The arrow barely misses the wolf.
The arrow hits Grum but does no damage.
You shoot an arrow. The arrow hits Grum!
Grum is moderately wounded.
You shoot an arrow. The arrow hits Grum!
Grum is heavily wounded.
Grum hits you from afar with a -2 halberd!!
You are too injured to fight recklessly!
You are too injured to fight recklessly!
You are too injured to fight recklessly!
You are too injured to fight recklessly!
You are too injured to fight recklessly!
You are too injured to fight recklessly!
You are too injured to fight recklessly!
Fire: a) +2 shortbow
Press: ? - help, Q - select action, (/) - cycle Shift-Dir - straight line, f/p - Grum
Aim: Grum, wielding a -2 halberd and wearing a +1 animal skin (heavily wounded, 75% to hit)
You shoot an arrow. The arrow hits Grum.
Grum is heavily wounded.
Grum hits you from afar with a -2 halberd!
* * * LOW HITPOINT WARNING * * *
Fire: a) +2 shortbow
Press: ? - help, Q - select action, (/) - cycle Shift-Dir - straight line, f/p - Grum
Aim: Grum, wielding a -2 halberd and wearing a +1 animal skin (heavily wounded, 75% to hit)
You shoot an arrow. The arrow hits Grum but does no damage.
Grum is heavily wounded.
Grum hits you from afar with a -2 halberd!!
* * * LOW HITPOINT WARNING * * *
Okay, then.
Blink to where?
Press: ? - help, Dir - move target, p - Grum
As you read the scroll of blinking, it crumbles to dust.
The wolf barely misses you. You furiously retaliate!
You headbutt the wolf. Grum closely misses you.
Grum hits you from afar with a -2 halberd!
You die...

.########.#.#
#.#.#
.'...(....#.# #.#
.##########.#
#.#### .# #.....
<# ###### ##
##################
#.................
#.################
#@## #h.#####.#
#..g(....#
._......#######
.....#..#
...8.#.## .... #.#
#.## #.# #. #..


You could see Grum and a wolf.

Vanquished Creatures
  2 orc knights (Bailey)
  A wyvern (D:8)
  Eustachio (D:4)
  Menkaure (D:5)
  A water moccasin (D:7)
  6 orc warriors (Bailey)
  2 ice beasts (D:6)
  2 ogres
  2 wolves (D:8)
  3 phantoms
  A bullfrog (D:7)
  2 scorpions
  4 wights (D:7)
  2 howler monkeys (D:5)
  3 hounds
  A gnoll bouda (D:8)
  4 orc priests
  4 jellies
  3 sleepcaps (D:5)
  7 iguanas
  6 orc wizards
  23 gnolls
  8 adders
  An ufetubus (D:6)
  A worm (D:2)
  4 dart slugs
  42 orcs
  4 endoplasms
  10 goblins
  9 hobgoblins
  17 jackals
  6 kobolds
  6 quokkas
  11 ball pythons
  10 bats
  4 frilled lizards
  7 rats
221 creatures vanquished.

Vanquished Creatures (others)
  An orc wizard (D:5)
  3 plants (D:5)
4 creatures vanquished.

Grand Total: 225 creatures vanquished

Notes
Turn   | Place    | Note
-------+----------+-------------------------------------------
     0 | D:1      | raph the Minotaur Hunter began the quest for the Orb.
     0 | D:1      | Reached XP level 1. HP: 18/18 MP: 0/0
   159 | D:1      | Reached skill level 1 in Stealth
   192 | D:1      | Reached XP level 2. HP: 25/25 MP: 1/1
  1085 | D:2      | Reached XP level 3. HP: 30/30 MP: 2/2
  1248 | D:2      | Found a bloodstained altar of Trog.
  1304 | D:2      | Reached skill level 5 in Ranged Weapons
  1410 | D:2      | Reached XP level 4. HP: 19/38 MP: 3/3
  2307 | D:3      | Reached XP level 5. HP: 27/45 MP: 4/4
  2581 | D:3      | Found a snail-covered altar of Cheibriados.
  2702 | D:3      | Found a glowing golden altar of the Shining One.
  3168 | D:4      | Found a staircase to the Ecumenical Temple.
  3175 | Temple   | Entered the Ecumenical Temple
  3226 | Temple   | Became a worshipper of Warmaster Okawaru
  3248 | D:4      | Reached skill level 6 in Ranged Weapons
  3363 | D:4      | Found a runed translucent gate.
  3364 | D:4      | Found a runed translucent gate.
  3365 | D:4      | Found a runed translucent gate.
  3366 | D:4      | Noticed Stirner's ghost (amateur SpEn)
  3390 | D:4      | Found a sacrificial altar of Ru.
  3524 | D:4      | Reached XP level 6. HP: 46/52 MP: 5/5
  3590 | D:4      | Noticed Eustachio
  3608 | D:4      | Killed Eustachio
  3608 | D:4      | Reached * piety under Okawaru
  3804 | D:4      | Found an opulent altar of Gozag.
  3806 | D:4      | Found a stormy altar of Qazlal.
  3806 | D:4      | Found an opulent altar of Gozag.
  3808 | D:4      | Found a shimmering altar of Xom.
  3808 | D:4      | Found a shimmering altar of Xom.
  3808 | D:4      | Found a bloodstained altar of Trog.
  3950 | D:5      | Entered Level 5 of the Dungeon
  3990 | D:5      | Reached XP level 7. HP: 60/60 MP: 6/6
  4102 | D:5      | Reached skill level 7 in Ranged Weapons
  4572 | D:5      | Reached skill level 5 in Fighting
  4978 | D:5      | Reached ** piety under Okawaru
  5065 | D:5      | Reached XP level 8. HP: 69/69 MP: 7/7
  5121 | D:5      | Reached skill level 5 in Dodging
  5164 | D:5      | Reached skill level 8 in Ranged Weapons
  5216 | D:5      | Noticed Menkaure
  5220 | D:5      | Killed Menkaure
  5812 | D:6      | Found a shimmering blue altar of Sif Muna.
  6088 | D:6      | Reached skill level 9 in Ranged Weapons
  6165 | D:6      | Found a hazy altar of Hepliaklqana.
  6193 | D:6      | Reached skill level 1 in Invocations
  6769 | D:7      | Reached *** piety under Okawaru
  6770 | D:7      | Reached XP level 9. HP: 78/78 MP: 7/9
  6819 | D:7      | Found a flagged portal.
  6842 | D:7      | Found a blossoming altar of Fedhas.
  6849 | Bailey   | Entered a bailey
  7306 | Bailey   | Noticed an orc knight
  7306 | Bailey   | Noticed an orc knight
  7425 | Bailey   | Killed an orc knight
  7426 | Bailey   | Reached skill level 5 in Stealth
  7477 | Bailey   | Killed an orc knight
  7478 | Bailey   | Reached skill level 10 in Ranged Weapons
  7881 | Bailey   | Identified the +1 storm dragon scales "Zeddaf" {rElec Str+3
                  | Dex+2 Stlth-}
  8250 | D:7      | Identified the +0 leather armour of Virtue {+Blink rElec
                  | Slay+3}
  8482 | D:7      | Found a bloodstained altar of Trog.
  8549 | D:7      | Reached **** piety under Okawaru
  8836 | D:8      | Reached XP level 10. HP: 9/88 MP: 11/11
  9398 | D:8      | Identified the +5 mace of Imuvo {drain, rPois MP+9}
  9858 | D:8      | Found a stormy altar of Qazlal.
 10244 | D:8      | Found an opulent altar of Gozag.
 10245 | D:8      | Noticed Grum
 10260 | D:8      | Received a gift from Okawaru
 10267 | D:8      | Slain by Grum

Illustrated notes

Levels and vault maps discovered:
D:1:      heliophobic_arrival_ceremonial_halls, layout_loops_ring,
          nicolae_figureground_sparkle
D:2:      layout_loops_ring, basic_altar, minmay_domino_2
D:3:      layout_basic, lemuel_crystal_altar, nicolae_tso_carved_into_rock,
          hex_large, due_unseen_surprise
D:4:      layout_basic, nicolae_ru_sacrificial_ziggurat, doesnt_xom_only_xom,
          minmay_temple_entry_mist, gammafunk_ghost_necromancy, uniq_eustachio
D:5:      lemuel_castle_with_subvaults [lemuel_castle_interior_carwin_2],
          layout_basic, minmay_liquid_box, uniq_menkaure
D:6:      layout_loops_cross, mainiacjoe_overflow_surrounded_room,
          nicolae_overflow_crystal_walls, minmay_misc_feat_diagonals,
          grunt_ministairs_8
D:7:      layout_basic, mainiacjoe_overflow_alcove_1, amcnicky_altar_gilded,
          enter_bailey_3, nicolae_ossuary_entry_ruins
D:8:      layout_basic, lemuel_round_altar, eat_drink_and_be_merry_uskayaw,
          grunt_gozag_statues, uniq_grum
Temple:   nicolae_temple_ecumenical_triangle

Skill      XL: |  1  2  3  4  5  6  7  8  9 |
---------------+----------------------------+-----
Stealth        | 1 2 3 4 5 |  5.7
Fighting       | 3 4 5 6 7 |  7.9
Ranged Weapons | 5 6 7 9 10 | 10.9
Dodging        | 3 4 6 7 |  7.2
Invocations    | 1 3 |  3.8

Action                     |  1- 3 |  4- 6 |  7- 9 | 10-12 || total
---------------------------+-------+-------+-------+-------++-------
  Melee: Rapier            |       |       |    16 |     1 ||    17
         Headbutt          |       |       |     2 |     1 ||     3
         Great sword       |       |       |       |     2 ||     2
   Fire: Shortbow          |   100 |   131 |   497 |    56 ||   784
 Invoke: Heroism           |       |       |     3 |     1 ||     4
  Evoke: Wand              |       |     1 |     5 |       ||     6
    Use: Scroll            |     6 |     6 |     8 |     1 ||    21
         Potion            |       |       |     4 |       ||     4
 Armour: Leather armour    |     5 |    14 |    30 |    11 ||    60
         Storm dragon scal |       |       |    10 |       ||    10
  Dodge: Dodged            |    21 |    42 |   133 |    40 ||   236
